Map: Blueshift LE

Players

Serral

  • Race: Zerg Zerg
  • League: Master
  • Spawn Location: 1:00

LiquidTaeJa (TaeJa) - Winner!

  • Race: Terran Terran
  • League: Diamond
  • Spawn Location: 7:00

Event: HomeStory Cup XVIII

VOD

Have the link to the VOD?

Description

Time

  • Played on: Nov. 24, 2018, 10:57 a.m.
  • Length: 29:01

All games in this series

Show
View Real Time Build Order
Export as new Build Order

Serral Zerg 

Build Orders: Hatch First 

Get SALT Encoding   

  12  0:00  Drone  
  13  0:13  Overlord  
  13  0:24  Drone  
  14  0:31  Drone x2  
  16  0:48  Hatchery  
  15  0:52  Drone  
  15  0:55  Drone  
  17  0:58  Drone  
  18  1:09  Extractor  
  17  1:14  Spawning Pool  
  17  1:17  Drone  
  17  1:19  Drone  
  18  1:28  Drone  
  19  1:40  Drone  
  20  1:50  Overlord  
  20  2:01  Queen x2  
  20  2:02  Zergling x4  
  26  2:15  Metabolic Boost  
  26  2:18  Drone x2  
  28  2:26  Drone x2  
  30  2:37  Hatchery  
  30  2:43  Queen  
  31  2:49  Overlord  
  31  2:52  Drone  
  31  2:53  Drone  
  31  2:56  Drone  
  34  2:59  Drone  
  34  3:00  Drone  
  36  3:13  Drone x2  
  36  3:16  Overlord  
  36  3:17  Drone x3  
  41  3:20  Drone  
  42  3:28  Drone  
  43  3:36  Extractor, Roach Warren, Zergling x4  
  43  3:42  Zergling x2  
  43  3:43  Overlord  
  43  3:44  Drone x2  
  43  3:48  Drone  
  47  3:52  Drone  
  47  3:53  Drone  
  47  3:54  Zergling x6  
  52  4:01  Overlord  
  52  4:03  Overlord  
  52  4:16  Roach x6  
  63  4:19  Overlord  
  63  4:20  Roach  
  65  4:25  Roach x2  
  65  4:30  Overlord  
  69  4:33  Roach  
  70  4:43  Roach x3  
  70  4:45  Zergling x8  
  79  4:49  Overlord  
  79  4:51  Zergling x2  
  80  4:54  Zergling x2  
  81  5:00  Zergling x8  
  81  5:02  Overlord  
  85  5:07  Spore Crawler  
  85  5:08  Drone  
  85  5:10  Ravager  
  85  5:16  Drone x6  
  85  5:19  Drone  
  85  5:20  Drone  
  86  5:23  Drone x2  
  86  5:27  Drone x2  
  82  5:30  Extractor  
  82  5:34  Drone x2  
  82  5:35  Drone x2  
  79  5:38  Overlord  
  79  5:42  Drone x2  
  77  5:44  Drone x2  
  77  5:47  Drone  
  77  5:49  Lair  
  78  5:54  Drone x3  
  75  6:00  Queen x2  
  73  6:11  Drone x2  
  73  6:13  Spore Crawler x2  
  73  6:14  Drone  
  73  6:15  Drone  
  73  6:16  Evolution Chamber  
  73  6:17  Drone x4  
  76  6:19  Extractor x2  
  74  6:25  Evolution Chamber  
  74  6:27  Drone  
  74  6:28  Zergling x8, Baneling Nest  
  74  6:30  Zergling x4  
  79  6:35  Zergling x8  
  79  6:41  Drone  
  78  6:47  Zerg Melee Weapons Level 1  
  78  6:50  Overseer  
  78  6:53  Drone x6  
  82  6:58  Drone  
  82  6:59  Hatchery  
  82  7:00  Spore Crawler  
  80  7:02  Drone x2  
  80  7:04  Drone x3  
  80  7:06  Drone x2  
  86  7:13  Zerg Ground Armor Level 1  
  83  7:15  Zergling x2  
  83  7:16  Zergling x6  
  87  7:23  Zergling x8  
  87  7:27  Overlord  
  87  7:28  Zergling x6  
  94  7:31  Overlord  
  94  7:33  Centrifical Hooks  
  94  7:37  Zergling x10  
  99  7:45  Queen x2  
  99  7:47  Queen  
  105  7:53  Overseer  
  98  8:03  Overlord  
  98  8:05  Hydralisk Den  
  97  8:06  Zergling x6  
  97  8:09  Overlord  
  99  8:13  Queen  
  99  8:14  Drone x3  
  99  8:15  Drone x2  
  99  8:17  Overlord  
  99  8:18  Zergling x6  
  109  8:26  Baneling x6  
  109  8:27  Baneling x4, Overseer  
  109  8:29  Zergling x8  
  109  8:33  Pneumatized Carapace  
  114  8:34  Zergling x4  
  114  8:37  Zergling x2  
  114  8:41  Muscular Augments  
  115  8:50  Hydralisk  
  115  8:51  Hydralisk x4  
  125  8:59  Drone x3  
  125  9:01  Overlord x3  
  125  9:02  Zerg Melee Weapons Level 2  
  128  9:03  Hydralisk x3  
  133  9:11  Hydralisk x4  
  141  9:21  Baneling  
  141  9:22  Baneling x13  
  141  9:25  Zergling x10  
  141  9:29  Zergling x2  
  141  9:30  Zergling x16  
  156  9:35  Overlord  
  155  9:42  Hatchery  
  155  9:45  Zergling x8  
  144  9:49  Zergling x2  
  144  9:50  Hydralisk x2  
  132  9:54  Zerg Ground Armor Level 2  
  131  10:01  Drone x2  
  131  10:02  Extractor, Infestation Pit  
  131  10:04  Drone x3  
  131  10:05  Drone  
  135  10:08  Baneling x4  
  135  10:09  Baneling x4  
  135  10:12  Hydralisk  
  135  10:13  Zergling x2  
  138  10:25  Zergling x14  
  138  10:26  Zergling x2  
  144  10:36  Hatchery  
  142  10:43  Baneling x3  
  142  10:44  Hydralisk x3, Baneling x2, Zergling x2  
  142  10:45  Zergling x2  
  142  10:49  Hive  
  150  11:03  Grooved Spines  
  150  11:05  Drone  
  150  11:06  Drone  
  150  11:08  Overlord x2  
  150  11:09  Zergling x20  
  161  11:12  Overlord  
  161  11:13  Overlord  
  161  11:20  Overlord x2  
  161  11:22  Zergling x8  
  165  11:32  Baneling x14  
  165  11:33  Baneling x6  
  165  11:35  Zergling x8  
  169  11:43  Overseer  
  169  11:45  Zergling x2, Zerg Missile Weapons Level 1  
  169  11:46  Zergling x14  
  173  11:54  Zergling x16  
  178  11:59  Queen  
  180  12:06  Viper  
  188  12:10  Zergling x18  
  196  12:16  Baneling x13  
  196  12:20  Zergling x16  
  197  12:27  Zergling x12  
  161  12:31  Zergling x4  
  161  12:35  Baneling  
  161  12:36  Baneling x6, Zergling x10  
  163  12:42  Viper  
  163  12:43  Viper  
  169  12:46  Adrenal Glands  
  169  12:47  Zergling x6  
  172  12:52  Zergling x6  
  170  13:09  Zergling x30  
  182  13:13  Ultralisk Cavern, Zerg Ground Armor Level 3  
  181  13:22  Zergling x18  
  181  13:25  Overlord  
  190  13:27  Overlord  
  190  13:37  Overlord  
  190  13:38  Zergling x8  
  194  13:46  Zergling x18  
  200  13:48  Baneling x6  
  200  13:49  Baneling x6  
  194  13:58  Zerg Melee Weapons Level 3  
  194  13:59  Chitinous Plating  
  193  14:03  Extractor  
  193  14:04  Extractor  
  193  14:07  Drone x6  
  193  14:09  Zergling x8  
  199  14:12  Zergling x8  
  199  14:16  Baneling x9  
  199  14:17  Overseer  
  199  14:18  Overseer  
  199  14:20  Hatchery  
  196  14:25  Zergling x12  
  199  14:36  Zergling x16  
  198  14:38  Baneling x7  
  191  14:45  Zergling x12  
  146  15:00  Hydralisk x6  
  146  15:01  Zergling x2  
  139  15:08  Baneling x12  
  139  15:14  Zergling x6  
  139  15:26  Zergling x20  
  143  15:30  Baneling x7  
  143  15:32  Zergling x4  
  142  15:38  Anabolic Synthesis  
  142  15:47  Zergling x16  
  147  15:53  Zergling x14  
  154  16:03  Zergling x16  
  162  16:10  Ultralisk  
  160  16:13  Viper x2  
  160  16:17  Baneling  
  160  16:18  Baneling x5  
  159  16:23  Ultralisk  
  165  16:27  Baneling x2  
  165  16:28  Baneling x7  
  161  16:34  Zergling x14  
  162  16:50  Ultralisk, Zergling x4  
  170  16:54  Hatchery  
  170  17:00  Ultralisk  
  174  17:07  Zergling x22  
  183  17:18  Ultralisk  
  183  17:19  Zergling x10  
  187  17:35  Viper  
  187  17:36  Viper x3  
  182  17:40  Zergling x20  
  189  17:48  Zergling x6  
  174  17:58  Zergling x8  
  176  18:00  Baneling x6  
  176  18:01  Baneling x4  
  171  18:07  Extractor  
  171  18:10  Drone x3  
  171  18:11  Zergling x2  
  169  18:15  Baneling x3  
  169  18:16  Baneling x6  
  169  18:17  Zergling x4  
  171  18:26  Zergling x12  
  177  18:30  Infestor x2  
  181  18:37  Hatchery  
  181  18:39  Zergling x8  
  184  18:45  Zergling x10  
  184  18:46  Extractor, Zergling x6  
  187  18:59  Zergling x14, Spore Crawler x2  
  176  19:13  Zergling x16  
  166  19:21  Hatchery  
  164  19:29  Zergling x10  
  156  19:44  Ultralisk, Zergling x6  
  161  19:51  Drone  
  162  19:56  Ultralisk  
  168  20:04  Drone x2  
  170  20:07  Zergling x12  
  175  20:15  Unknown  
  175  20:18  Zergling x2  
  175  20:19  Zergling x16  
  170  20:26  Baneling x11  
  169  20:39  Hatchery  
  168  20:49  Viper x2  
  172  20:50  Zerg Missile Weapons Level 2  
  172  20:53  Hydralisk x2  
  172  20:55  Baneling x3  
  172  20:56  Baneling x2  
  176  20:57  Baneling  
  176  21:06  Hydralisk x3  
  176  21:10  Overseer  
  176  21:20  Zergling x12  
  181  21:26  Hydralisk x2  
  181  21:32  Hydralisk x2, Extractor  
  185  21:33  Extractor  
  185  21:35  Drone x2  
  185  21:36  Drone  
  190  21:43  Viper x2  
  190  22:09  Hydralisk x5, Hatchery  
  198  22:23  Spore Crawler  
  198  22:24  Spore Crawler  
  198  22:25  Drone x3  
  198  22:29  Drone  
  200  22:31  Baneling x3  
  200  22:32  Baneling x7  
  200  22:36  Drone  
  183  22:46  Zergling x2  
  183  22:47  Zergling x14  
  191  23:03  Hydralisk x3  
  195  23:06  Zergling x4  
  197  23:13  Baneling x7  
  181  23:24  Zergling x2  
  181  23:25  Zergling x10  
  140  23:40  Zergling x2  
  140  23:41  Zergling x18  
  147  23:48  Zergling x10  
  147  24:11  Drone x2  
  147  24:15  Infestor  
  147  24:16  Infestor x3  
  153  24:21  Zergling x12  
  155  24:29  Hatchery  
  155  24:31  Baneling x7  
  152  24:34  Zergling x2  
  152  24:37  Overseer  
  153  24:46  Zergling x10  
  153  24:48  Baneling x8  
  158  25:10  Burrow  
  158  25:16  Drone x2  
  158  25:17  Drone x3, Zergling x16  
  158  25:18  Zergling x10  
  176  25:22  Overseer  
  176  25:29  Zergling x10  
  177  25:47  Hydralisk x6  
  184  25:51  Baneling x12  
  182  25:58  Hydralisk x2  
  186  26:11  Zergling x24  
  186  26:16  Queen  
  198  26:27  Infestor  
  198  26:30  Baneling x19  
  198  26:31  Baneling x9  
  198  26:36  Zergling x2  
  199  26:48  Spore Crawler  
  199  26:49  Drone x2, Extractor x2, Spore Crawler x2  
  199  26:50  Drone  
  197  26:57  Zergling x10  
  197  27:08  Unknown  
  190  27:17  Zergling x20  
  197  27:23  Baneling  
  197  27:24  Baneling  
  197  27:28  Zergling x6  
  200  27:40  Hatchery  
  195  27:53  Baneling x7  
  195  27:55  Baneling x12  
  195  27:57  Zergling x2  
  195  27:58  Zergling x10  
  197  28:09  Infestor  
  199  28:14  Infestor  
  195  28:21  Zergling x8  
  195  28:24  Baneling x6  
  147  28:37  Zergling x32  
Show
View Real Time Build Order
Export as new Build Order

LiquidTaeJa Terran - Winner!

Build Orders: Reaper Expand, Hellion Banshee 

Get SALT Encoding   

  12  0:00  SCV  
  13  0:12  SCV  
  14  0:16  Supply Depot  
  14  0:24  SCV  
  15  0:38  SCV  
  15  0:40  Barracks  
  16  0:43  Refinery  
  16  0:50  SCV  
  17  1:02  SCV  
  18  1:14  SCV  
  19  1:26  Orbital Command  
  19  1:27  Reaper  
  20  1:37  Command Center  
  20  1:49  Supply Depot  
  20  1:52  SCV  
  21  1:59  Marine  
  22  2:04  SCV  
  22  2:07  Factory  
  23  2:15  Refinery  
  23  2:16  SCV  
  23  2:21  Barracks Reactor  
  24  2:28  SCV  
  25  2:40  SCV  
  26  2:50  Orbital Command  
  26  2:52  SCV  
  26  2:55  Starport  
  27  3:04  Hellion  
  27  3:05  SCV, Hellion  
  32  3:10  Barracks Tech Lab  
  32  3:15  SCV  
  32  3:17  SCV  
  34  3:21  Supply Depot  
  34  3:25  Hellion  
  34  3:26  Hellion  
  38  3:27  SCV  
  38  3:29  SCV  
  40  3:37  Banshee  
  40  3:38  Cloaking Field  
  40  3:40  SCV, Barracks Tech Lab  
  44  3:41  SCV  
  44  3:47  Hellion  
  44  3:48  Hellion  
  49  3:52  SCV  
  49  3:53  SCV  
  51  3:56  Supply Depot  
  51  4:01  Stimpack  
  51  4:04  SCV  
  51  4:05  SCV  
  53  4:16  SCV  
  54  4:18  Command Center  
  54  4:19  SCV  
  54  4:21  Banshee  
  58  4:30  SCV, Factory Reactor  
  59  4:35  Marine  
  59  4:37  SCV  
  61  4:45  SCV  
  62  4:46  Barracks  
  62  4:48  Barracks  
  62  4:51  Engineering Bay x2  
  62  4:57  Bunker x2, Supply Depot  
  62  5:00  Supply Depot  
  62  5:11  Marine  
  62  5:14  SCV  
  53  5:27  Siege Tank  
  46  5:29  SCV, Marine  
  46  5:34  Marine x2  
  43  5:40  Starport Reactor  
  43  5:42  Orbital Command  
  37  5:46  SCV  
  37  5:47  SCV, Marine, Engineering Bay  
  37  5:48  Engineering Bay  
  37  5:49  Marine x2  
  39  5:51  Marine  
  39  5:52  Marine  
  41  5:58  SCV  
  41  6:03  SCV  
  43  6:05  Marine  
  43  6:07  Marine x2  
  43  6:08  SCV  
  43  6:11  SCV  
  47  6:13  Combat Shield, Marine  
  47  6:15  SCV  
  49  6:21  SCV, Terran Infantry Weapons Level 1  
  49  6:22  Terran Infantry Armor Level 1  
  49  6:23  SCV  
  51  6:27  SCV  
  51  6:28  Marine  
  51  6:30  Marine x3  
  56  6:33  SCV  
  56  6:36  Marine  
  56  6:39  Medivac x2  
  62  6:40  SCV  
  62  6:44  SCV  
  62  6:46  Marine  
  65  6:48  Marine  
  65  6:49  Supply Depot  
  65  6:52  Marine  
  67  6:54  Siege Tank  
  67  6:55  SCV x2  
  67  6:56  Marine  
  73  7:05  SCV, Marine  
  73  7:06  Marine  
  73  7:07  SCV  
  77  7:11  Marine x2  
  77  7:12  SCV  
  77  7:14  Refinery x2, Supply Depot  
  80  7:16  Marine  
  80  7:17  SCV, Orbital Command  
  80  7:21  SCV  
  83  7:27  Marine  
  83  7:29  SCV  
  85  7:30  Marine x2  
  85  7:34  SCV, Barracks  
  85  7:35  Barracks  
  88  7:37  Armory  
  88  7:40  Marine  
  88  7:41  SCV  
  88  7:42  Supply Depot  
  90  7:47  Marine x2  
  90  7:49  SCV x2  
  93  7:59  Marine x3  
  93  8:00  SCV  
  93  8:01  SCV x2  
  93  8:05  Marine  
  99  8:12  SCV, Marine  
  101  8:13  SCV  
  101  8:14  Siege Tank  
  101  8:15  Medivac  
  101  8:16  Medivac  
  101  8:17  SCV, Marine  
  108  8:22  Barracks Reactor x2  
  108  8:24  SCV  
  109  8:33  Supply Depot x2  
  109  8:55  SCV x3, Siege Tank, Marine x5  
  120  8:59  Terran Infantry Weapons Level 2, Terran Infantry Armor Level 2, Supply Depot  
  120  9:00  Barracks  
  120  9:01  Supply Depot  
  120  9:02  Barracks  
  120  9:03  Marine  
  120  9:04  Marine x2, Barracks  
  120  9:07  Marine  
  124  9:13  Marine  
  125  9:19  Unknown  
  125  9:20  Marine x3  
  125  9:21  Marine x4  
  132  9:25  Marine  
  132  9:30  Marine  
  134  9:34  Terran Vehicle Weapons Level 1  
  134  9:36  Siege Tank  
  137  9:38  Marine x2  
  137  9:39  Marauder  
  137  9:40  Supply Depot x2  
  137  9:42  SCV x2  
  122  9:50  Marine x4  
  100  9:54  Marine x2  
  100  9:56  Barracks Tech Lab  
  100  9:57  Barracks Tech Lab x2  
  99  10:00  Marauder  
  99  10:04  Marine x2  
  99  10:05  Command Center  
  103  10:08  Siege Tank, Marine  
  103  10:14  Medivac x2  
  111  10:17  Concussive Shells  
  111  10:18  Marauder x2  
  111  10:19  Marauder  
  117  10:22  Marine, Marauder  
  117  10:24  Marine x3  
  117  10:25  Marine  
  123  10:33  Marine x3  
  126  10:40  Siege Tank  
  126  10:42  Unknown  
  129  10:43  Marine x2  
  129  10:44  Marine, Marauder x2  
  129  10:48  Marine x2  
  138  10:51  Refinery  
  138  10:53  Marine x2  
  138  10:54  Refinery  
  138  10:55  Marine  
  141  10:58  Marine  
  141  10:59  Marauder  
  141  11:01  Marine, Medivac x2  
  141  11:03  Supply Depot  
  149  11:04  Marine x2  
  149  11:05  Supply Depot  
  149  11:07  Unknown  
  149  11:08  Unknown  
  149  11:10  Marine x2  
  152  11:15  Marine, Marauder x2  
  152  11:16  Marine x2  
  159  11:26  Terran Infantry Weapons Level 3  
  159  11:33  Marine  
  159  11:34  Marine x4  
  159  11:36  Siege Tank  
  159  11:39  Marine x2  
  171  11:40  Marauder  
  171  11:42  Unknown x2  
  169  11:56  Planetary Fortress  
  169  11:58  SCV x3  
  172  12:04  Medivac  
  172  12:05  Medivac  
  172  12:07  Marine x5, Marauder  
  182  12:15  Marine x3  
  179  12:28  Marine x2, Marauder  
  138  12:30  Marine x4, Marauder  
  138  12:31  Siege Tank  
  138  12:32  Marine  
  138  12:33  Marine  
  138  12:34  SCV x4  
  144  12:41  Marine x2  
  146  12:44  Medivac x2  
  146  12:49  Marauder  
  152  13:00  Marine x4, Marauder x2  
  152  13:02  Marine  
  152  13:04  Marine x2  
  163  13:06  Marine x2  
  163  13:10  Marine  
  166  13:17  Marine  
  166  13:18  Siege Tank, Marine x3  
  166  13:19  Medivac x2  
  177  13:20  Marine  
  177  13:21  Marine  
  177  13:22  Marine x2, Marauder  
  177  13:24  Marine, Marauder  
  186  13:31  Marauder  
  186  13:33  Terran Infantry Armor Level 3  
  186  13:34  Supply Depot  
  188  13:37  Supply Depot  
  188  13:41  Marine x2  
  188  13:54  Marine  
  188  13:55  Siege Tank, Marine x3, Marauder  
  196  13:58  Marine x2  
  196  13:59  Marauder  
  200  14:09  Marine  
  199  14:12  Marine  
  199  14:13  Marauder  
  199  14:16  Marine x3  
  190  14:17  Marauder  
  190  14:20  Marauder  
  190  14:22  Marine  
  193  14:24  Marine  
  193  14:25  Marine  
  193  14:27  Marine  
  193  14:28  Marauder  
  193  14:30  Marine  
  172  14:57  Marine x4, Marauder  
  172  14:58  Marine x2  
  172  14:59  Marine x2, Marauder x2  
  152  15:02  Siege Tank  
  137  15:12  Medivac x2  
  140  15:14  Marine  
  140  15:15  Marine x3  
  140  15:16  Marine x4  
  140  15:19  Marauder  
  140  15:20  Marauder  
  140  15:21  Marauder  
  152  15:32  Marine x2  
  152  15:33  Marine x2  
  152  15:34  Marine x4  
  155  15:40  Command Center  
  155  15:49  Supply Depot x2  
  155  15:50  Marine  
  155  15:54  Marine  
  156  16:05  Marine  
  156  16:06  Marine x4  
  156  16:07  Marine  
  156  16:08  Marine  
  156  16:09  Marauder  
  156  16:10  Marauder  
  156  16:11  Siege Tank, Marine, Marauder  
  159  16:17  Medivac x2  
  161  16:22  Orbital Command  
  161  16:23  Marine x2  
  161  16:24  Marine x4  
  167  16:31  Marauder x2  
  171  16:34  Marauder  
  171  16:39  SCV x3  
  165  16:43  Siege Tank  
  168  16:47  Marine x2  
  168  16:49  Supply Depot x2  
  168  16:50  Supply Depot  
  168  16:51  Supply Depot x2  
  168  16:52  Marauder x2  
  168  16:53  SCV  
  175  16:54  Barracks  
  175  16:55  Marauder  
  175  16:58  Marine  
  175  16:59  Marine  
  175  17:00  Marine  
  180  17:06  Marine x2  
  182  17:13  Marauder  
  182  17:15  Siege Tank  
  187  17:18  Missile Turret  
  187  17:20  Marauder x2  
  191  17:23  Liberator x2  
  189  17:35  Marauder  
  189  17:37  Marine x4  
  179  17:42  Marauder x2  
  177  17:56  Marauder x2  
  177  17:57  Marine x2  
  177  18:03  Marauder  
  179  18:06  Marine x2, Marauder  
  179  18:08  Marine x2  
  179  18:10  Planetary Fortress  
  185  18:17  Marauder  
  187  18:23  Marine x2, Marauder, Medivac x2  
  187  18:24  Marine x2, Marauder  
  199  18:39  Marine  
  199  18:51  Marauder  
  194  18:56  Siege Tank  
  194  19:00  Marine, Marauder  
  188  19:16  Marine x2, Marauder  
  149  19:17  Marine x2  
  149  19:23  Marine x2  
  149  19:24  Marine, Marauder  
  150  19:28  Marine x2, Marauder  
  146  19:33  Marine  
  146  19:34  Marine  
  146  19:35  SCV x3, Marine x2  
  146  19:36  SCV  
  146  19:37  Marine  
  143  19:41  Marine  
  143  19:45  Marauder  
  143  19:47  SCV x2  
  143  19:48  Marine x3, Marauder  
  143  19:50  Command Center  
  143  19:51  Ghost Academy  
  150  20:08  Marauder x3  
  150  20:10  Marauder  
  150  20:11  Siege Tank  
  157  20:20  Marine x4  
  141  20:25  Marine x2  
  141  20:26  Personal Cloaking, Medivac x2  
  146  20:29  Marauder  
  146  20:30  Marauder x2  
  146  20:33  Marine x2  
  146  20:34  Marine  
  154  20:43  Siege Tank  
  154  20:47  Marine, Sensor Tower  
  154  20:48  Missile Turret, Marine  
  159  20:50  Ghost x3  
  159  20:51  SCV x4  
  159  20:55  Marine  
  159  20:56  Marine, Medivac x2  
  175  20:59  Ghost  
  177  21:19  Ghost  
  177  21:23  Ghost  
  177  21:24  Marauder  
  179  21:27  Ghost  
  179  21:32  Marine x4  
  185  21:41  Siege Tank, Medivac x2  
  185  21:44  Ghost  
  194  21:47  Missile Turret, Ghost  
  194  21:58  Orbital Command  
  190  22:08  Ghost x2  
  190  22:13  Ghost  
  191  22:25  Marine  
  191  22:26  Marine  
  192  22:45  Medivac x2  
  192  22:49  Marine x2  
  198  22:51  Orbital Command  
  198  23:00  Missile Turret  
  198  23:03  Missile Turret, Sensor Tower  
  198  23:04  Marine x2  
  197  23:07  Ghost  
  187  23:26  Marine, Marauder x2  
  166  23:29  Marauder  
  153  23:35  Marine  
  153  23:36  Marine x2  
  153  23:37  Marauder  
  153  23:38  Marine  
  153  23:39  Marine  
  139  23:41  Marine  
  139  23:47  Marine  
  139  23:48  Marauder x2  
  140  23:50  Marauder  
  142  23:58  Marauder  
  142  24:00  Marine x2  
  146  24:03  Marine x2  
  146  24:06  Marine  
  146  24:07  Marine  
  146  24:09  Marauder x2  
  154  24:10  Marine  
  155  24:18  Marine x2  
  157  24:27  Marine x2  
  157  24:30  Marine, Marauder  
  162  24:36  Marine x2  
  163  24:43  Marine x2  
  163  24:44  Orbital Command  
  165  24:49  Missile Turret  
  165  24:55  Siege Tank  
  165  24:57  Marine  
  168  25:02  Unknown  
  168  25:07  Marine x2  
  170  25:15  Missile Turret  
  172  25:21  Marauder  
  172  25:26  Marauder  
  172  25:27  Siege Tank  
  177  25:33  Marauder  
  177  25:34  Marauder  
  177  25:38  Marine  
  177  25:41  Marine x2  
  178  25:43  Marauder  
  167  25:50  Marine x3  
  162  26:05  Marine, Orbital Command  
  162  26:07  Marauder x2  
  167  26:19  SCV x2  
  167  26:25  Marine  
  169  26:31  SCV x2  
  171  26:33  Siege Tank  
  174  26:43  Marine x2, Marauder  
  174  26:44  Marine, Marauder x2  
  183  26:48  Marauder  
  183  26:52  Marine x3  
  187  27:05  Marauder  
  187  27:08  Marauder x2  
  181  27:14  SCV  
  181  27:15  SCV x2  
  180  27:21  Medivac x2  
  184  27:23  Planetary Fortress  
  184  27:28  Marine x2  
  186  27:31  Refinery  
  186  27:32  Refinery  
  172  27:52  Marine x2  
  172  27:53  Marine x2, Marauder x3  
  182  28:17  Marine  
  182  28:18  Marine x3, Marauder x2  
  182  28:19  Marine x4  
  193  28:24  Marine x2  
  145  28:39  Marine x4  
  145  28:40  Marine, Marauder  
Tags
 
Add a new tag
Caveats
  • Supply blocks, unpowered buildings, or Contaminate may cause inaccurate times.
  • Supply counts are checked every 10 seconds.